Map: Szmaragdowe Miasto ER

Players

Magetta

  • Race: Protoss Protoss
  • League: Platinum
  • Spawn Location: 5:00

Sotnik

  • Race: Protoss Protoss
  • League: Gold
  • Spawn Location: 5:00

Esharell - Winner!

  • Race: Zerg Zerg
  • League: Platinum
  • Spawn Location: 11:00

Legol - Winner!

  • Race: Protoss Protoss
  • League: Platinum
  • Spawn Location: 11:00

VOD

Have the link to the VOD?

Description

Time

  • Played on: Jan. 9, 2020, 4:35 p.m.
  • Length: 10:52
Show
View Real Time Build Order
Export as new Build Order

Magetta Protoss 

Build Orders: Blink Stalkers 

Get SALT Encoding   

  12  0:01  Probe  
  13  0:13  Probe  
  14  0:18  Pylon  
  14  0:25  Probe (Chrono Boost)  
  15  0:37  Probe (Chrono Boost)  
  15  0:40  Gateway  
  16  0:46  Probe (Chrono Boost)  
  17  0:51  Probe  
  17  0:54  Assimilator  
  18  1:05  Probe (Chrono Boost)  
  18  1:08  Assimilator  
  19  1:16  Probe (Chrono Boost)  
  20  1:23  Probe (Chrono Boost)  
  21  1:33  Cybernetics Core  
  21  1:36  Zealot  
  21  1:38  Pylon  
  23  1:53  Pylon  
  23  1:58  Probe  
  24  2:06  Gateway x2  
  24  2:11  Probe, Warp Gate  
  25  2:32  Twilight Council  
  25  2:36  Stalker  
  27  2:55  Stalker  
  29  3:06  Pylon  
  29  3:23  Blink (Chrono Boost)  
  29  3:24  Stalker  
  29  3:26  Stalker  
  33  4:01  Stalker  
  35  4:03  Stalker  
  35  4:06  Stalker  
  39  4:25  Stalker  
  39  4:26  Stalker  
  43  4:41  Nexus  
  43  4:42  Pylon  
  43  4:50  Probe  
  43  4:52  Stalker  
  46  4:59  Pylon  
  46  5:02  Probe  
  39  5:35  Stalker  
  39  5:36  Stalker x2  
  45  5:56  Probe (Chrono Boost)  
  47  5:57  Probe (Chrono Boost)  
  47  6:06  Pylon, Probe x2 (Chrono Boost)  
  47  6:07  Dark Shrine  
  37  6:29  Stalker  
  37  6:30  Stalker x2  
  43  6:38  Gateway  
  43  6:39  Probe, Gateway  
  44  6:40  Probe  
  44  6:42  Gateway  
  45  7:14  Stalker x3  
  51  7:18  Shield Battery  
  51  7:37  Shield Battery  
  51  7:38  Pylon  
  51  7:39  Probe (Chrono Boost)  
  51  7:40  Probe (Chrono Boost)  
  53  7:48  Robotics Facility  
  53  7:49  Shadow Stride, Probe (Chrono Boost)  
  53  7:50  Probe (Chrono Boost)  
  53  7:51  Pylon  
  55  7:53  Dark Templar x2  
  55  7:55  Probe x2 (Chrono Boost)  
  61  8:07  Probe  
  61  8:08  Probe  
  63  8:21  Dark Templar  
  51  8:27  Dark Templar  
  38  8:42  Zealot x2  
  38  8:43  Zealot x2  
  38  9:04  Dark Templar  
  40  9:15  Dark Templar  
  40  9:16  Zealot x3  
  33  9:17  Zealot  
  33  9:29  Nexus  
  33  9:31  Pylon  
  1  10:38  Dark Templar x2  
Show
View Real Time Build Order
Export as new Build Order

Sotnik Protoss 

Build Orders: 1 Gate Expand, Oracle Opening 

Get SALT Encoding   

  12  0:00  Probe  
  13  0:13  Probe  
  14  0:18  Pylon  
  14  0:25  Probe  
  15  0:37  Probe (Chrono Boost)  
  15  0:38  Gateway  
  16  0:48  Probe (Chrono Boost)  
  17  0:51  Assimilator  
  17  0:52  Probe (Chrono Boost)  
  18  1:03  Probe  
  19  1:18  Probe  
  20  1:24  Nexus  
  20  1:37  Cybernetics Core  
  20  1:39  Probe  
  21  1:45  Assimilator  
  21  1:55  Pylon  
  21  2:03  Probe  
  22  2:13  Warp Gate  
  22  2:15  Adept  
  24  2:23  Probe (Chrono Boost)  
  25  2:33  Probe (Chrono Boost)  
  25  2:36  Pylon  
  26  2:38  Probe (Chrono Boost)  
  27  2:46  Probe (Chrono Boost)  
  27  2:50  Probe (Chrono Boost)  
  29  2:56  Stargate  
  29  2:57  Probe (Chrono Boost)  
  29  2:58  Probe (Chrono Boost)  
  31  3:01  Stalker, Probe (Chrono Boost)  
  34  3:12  Pylon  
  34  3:14  Probe  
  34  3:15  Forge  
  34  3:17  Probe  
  36  3:35  Probe (Chrono Boost)  
  36  3:40  Oracle (Chrono Boost), Probe (Chrono Boost)  
  41  3:45  Probe (Chrono Boost)  
  41  3:47  Assimilator  
  43  3:49  Probe (Chrono Boost)  
  43  3:50  Probe (Chrono Boost)  
  43  3:51  Assimilator  
  43  3:55  Photon Cannon  
  44  3:57  Shield Battery  
  44  3:59  Probe  
  45  4:08  Gateway  
  45  4:10  Gateway  
  45  4:15  Oracle (Chrono Boost)  
  48  4:26  Probe x2  
  50  4:38  Probe x2  
  52  4:50  Probe x2  
  54  4:55  Protoss Air Weapons Level 1  
  54  5:00  Stalker  
  56  5:23  Nexus  
  56  5:26  Pylon  
  56  5:29  Pylon  
  56  5:32  Assimilator  
  53  5:35  Assimilator  
  50  5:43  Stalker x3  
  50  5:47  Oracle  
  59  6:08  Fleet Beacon  
  59  6:12  Stargate  
  59  6:14  Stargate  
  59  6:17  Stalker x3  
  65  6:24  Oracle  
  64  6:52  Stalker x3  
  70  6:59  Pylon  
  70  7:02  Pylon  
  70  7:07  Pylon  
  59  7:21  Carrier (Chrono Boost)  
  71  7:23  Zealot x3  
  71  7:25  Carrier (Chrono Boost)  
  77  7:39  Photon Cannon  
  77  7:42  Photon Cannon  
  77  7:43  Shield Battery  
  77  7:48  Void Ray (Chrono Boost)  
  81  7:55  Protoss Air Weapons Level 2 (Chrono Boost)  
  81  8:03  Stalker x2  
  77  8:37  Carrier (Chrono Boost)  
  65  8:46  Stalker  
  65  8:47  Stalker x2  
  48  8:57  Void Ray (Chrono Boost)  
  48  8:58  Void Ray (Chrono Boost)  
  32  9:11  Gateway  
  32  9:15  Gateway  
  32  9:16  Gateway  
  32  9:27  Pylon  
  32  9:29  Pylon  
  32  9:39  Pylon  
  28  9:48  Stalker x2  
  28  9:49  Stalker  
Show
View Real Time Build Order
Export as new Build Order

Esharell Zerg - Winner!

Build Orders: Pool First 

Get SALT Encoding   

  12  0:01  Drone  
  13  0:13  Overlord  
  13  0:17  Drone  
  14  0:32  Drone x2  
  16  0:35  Drone  
  17  0:51  Spawning Pool  
  17  0:52  Drone  
  17  1:00  Drone  
  18  1:16  Hatchery  
  17  1:21  Extractor  
  17  1:24  Drone x2  
  18  1:29  Drone  
  19  1:38  Queen  
  21  1:40  Overlord  
  21  1:56  Drone  
  22  2:02  Drone  
  23  2:12  Drone  
  24  2:19  Queen  
  24  2:21  Metabolic Boost  
  26  2:27  Queen  
  28  2:30  Zergling x4  
  28  2:35  Drone  
  31  2:42  Drone  
  31  2:44  Overlord  
  32  2:51  Spore Crawler  
  31  2:53  Drone x2  
  33  3:10  Spore Crawler  
  32  3:14  Drone  
  32  3:15  Drone x4  
  37  3:31  Lair  
  37  3:32  Roach Warren  
  36  3:47  Hatchery  
  35  4:06  Overlord x2  
  35  4:14  Roach x2  
  35  4:15  Roach x2  
  43  4:22  Zergling x2  
  44  4:33  Roach x6  
  56  4:43  Overlord  
  56  4:52  Roach  
  60  4:53  Roach  
  60  5:03  Zergling x2  
  60  5:04  Zergling x4  
  60  5:05  Zergling x6  
  60  5:06  Zergling x6  
  64  5:25  Zergling x2  
  64  5:26  Zergling x12  
  66  5:52  Queen  
  66  5:54  Queen  
  66  5:55  Queen  
  72  5:57  Overlord x3  
  67  6:22  Roach x9  
  59  7:02  Zergling x14  
  59  7:03  Zergling x6  
  67  7:17  Drone x3  
  67  7:18  Extractor  
  67  7:19  Drone x2  
  67  7:20  Drone  
  72  7:31  Drone x5  
  72  7:35  Overseer x2  
  72  7:36  Extractor x2  
  75  7:45  Glial Reconstitution  
  75  7:48  Drone x3  
  75  7:51  Zergling x14  
  85  8:00  Drone x2  
  85  8:01  Drone  
  85  8:26  Zergling x2  
  83  8:27  Zergling x14  
  83  8:33  Spire  
  76  8:43  Zergling x2  
  76  8:44  Zergling x10  
  78  8:50  Overlord x3  
  78  8:54  Overseer x2  
  78  9:00  Spine Crawler x2  
  78  9:01  Drone x4  
  78  9:02  Drone x2  
  82  9:03  Spine Crawler  
  81  9:12  Drone  
  81  9:13  Drone x2  
  83  9:27  Hatchery  
  82  9:45  Corruptor  
  82  9:46  Corruptor x5  
  94  10:00  Roach  
  94  10:01  Roach x5  
  106  10:10  Spine Crawler  
  104  10:18  Spine Crawler  
Show
View Real Time Build Order
Export as new Build Order

Legol Protoss - Winner!

Build Orders:  

Get SALT Encoding   

  12  0:01  Probe  
  13  0:13  Probe  
  14  0:18  Pylon  
  14  0:25  Probe  
  15  0:37  Probe  
  15  0:40  Gateway  
  16  0:49  Probe (Chrono Boost)  
  17  0:55  Assimilator  
  17  1:01  Probe (Chrono Boost)  
  18  1:17  Probe  
  19  1:31  Pylon, Probe (Chrono Boost), Cybernetics Core  
  20  1:42  Probe (Chrono Boost)  
  20  1:46  Probe (Chrono Boost)  
  22  1:57  Nexus  
  22  2:02  Probe  
  22  2:07  Warp Gate  
  23  2:12  Stalker  
  25  2:20  Assimilator  
  25  2:22  Probe  
  26  2:32  Gateway  
  26  2:46  Stalker  
  28  2:56  Robotics Facility  
  28  2:57  Gateway  
  28  3:01  Probe  
  29  3:10  Probe  
  30  3:13  Probe  
  30  3:19  Stalker  
  33  3:22  Probe (Chrono Boost)  
  33  3:25  Stalker  
  36  3:33  Probe (Chrono Boost)  
  38  3:34  Probe (Chrono Boost)  
  38  3:44  Observer (Chrono Boost)  
  39  3:52  Probe x2  
  41  3:58  Pylon  
  41  4:01  Pylon  
  41  4:03  Immortal (Chrono Boost)  
  41  4:04  Probe  
  46  4:16  Probe  
  47  4:17  Stalker x2  
  51  4:24  Probe  
  51  4:28  Probe  
  53  4:32  Immortal (Chrono Boost)  
  53  4:36  Probe  
  58  4:40  Probe  
  58  4:42  Stalker  
  61  4:48  Pylon, Probe  
  62  5:05  Pylon  
  62  5:06  Probe x2  
  64  5:18  Stalker x2, Probe  
  69  5:34  Stalker  
  71  5:41  Pylon  
  71  5:44  Assimilator  
  71  5:49  Assimilator  
  71  5:51  Pylon, Shield Battery  
  71  5:53  Pylon  
  71  5:54  Probe x2  
  73  5:59  Stalker x3  
  79  6:06  Probe x2  
  79  6:09  Warp Prism (Chrono Boost)  
  83  6:23  Gateway  
  83  6:24  Gateway  
  83  6:26  Shield Battery  
  83  6:29  Gateway  
  83  6:30  Gateway  
  83  6:32  Stalker  
  83  6:33  Stalker x2  
  89  6:44  Immortal (Chrono Boost)  
  93  7:06  Stalker  
  93  7:07  Stalker x2  
  95  7:18  Immortal (Chrono Boost)  
  99  7:24  Stalker  
  101  7:31  Pylon  
  101  7:33  Pylon  
  101  7:35  Pylon  
  101  7:38  Pylon  
  101  7:52  Stalker x7  
  115  8:15  Stalker  
  115  8:16  Stalker x5  
  113  8:48  Stalker x6  
  109  8:49  Stalker  
  117  9:11  Stalker x4  
  117  9:12  Stalker x2  
  129  9:48  Stalker x3  
  133  9:57  Observer (Chrono Boost)  
  133  9:59  Zealot x3  
Tags
 
Add a new tag
Caveats
  • Supply blocks, unpowered buildings, or Contaminate may cause inaccurate times.
  • Supply counts are checked every 10 seconds.